Cogmind - Beta 14 @@@ ROGUE MODE // 2025.04.30 @ 13:51:45 Player: Kiwi Result: Destroyed by S-10 Pest with Light Assault Rifle Performance ------------- Evolutions (0) 0 Regions Visited (2) 400 Robots Destroyed (10) 50 Value Destroyed (233) 233 Prototype IDs (0) 0 Alien Tech Used (0) 0 Bonus (0) 0 TOTAL SCORE: 683 Bonus ------- None Cogmind --------- Core Integrity 0/250 Matter 300/300 Energy 92/100 System Corruption 1% Temperature Cool (0) Movement Core (1400) Ox27 Location -10/Mines Parts ------- > --- POWER (1) -------- (None) > --- PROPULSION (2) --- (None) > --- UTILITY (2) ------ Improved Heat Sink Huge Storage Unit > --- WEAPON (2) ------- Beam Cannon > --- INVENTORY (25) --- Ion Engine Light Ion Engine Light Ion Engine Light Ion Engine Aluminum Leg Aluminum Leg Aluminum Leg Aluminum Leg Aluminum Leg Wheel Wheel Flight Unit Flight Unit Flight Unit Small Storage Unit Medium Storage Unit Experimental Sensor Array Small Laser Particle Gun Assault Rifle Light Assault Rifle Light Assault Rifle Light Assault Rifle Peak State ------------ > --- POWER ------------ Light Ion Engine > --- PROPULSION ------- Light Treads Light Treads > --- UTILITY ---------- Improved Heat Sink Huge Storage Unit > --- WEAPON ----------- Beam Cannon Light Assault Rifle > --- INVENTORY -------- Ion Engine Light Ion Engine Light Ion Engine Light Ion Engine Aluminum Leg Aluminum Leg Aluminum Leg Aluminum Leg Wheel Flight Unit Flight Unit Flight Unit Small Storage Unit Medium Storage Unit Experimental Sensor Array Small Laser Particle Gun Assault Rifle Light Assault Rifle Light Assault Rifle Light Assault Rifle [Rating: 12] Favorites ----------- Power Light Ion Engine Engine Light Ion Engine Propulsion Light Treads Treads Light Treads Wheel Wheel Utility Huge Storage Unit Device Improved Heat Sink Storage Huge Storage Unit Weapon Beam Cannon Energy Gun EM Pulse Gun Energy Cannon Beam Cannon Ballistic Gun Light Assault Rifle Build | -11 -10 -10 ------- Run | Yrd Mat Min Slots Evolved . | . . . Power . | . . . Propulsion . | . . . Utility . | . . . Weapon . | . . . Parts Attached 14 | 6 2 6 Power 2 | 1 . 1 Engine 2 | 1 . 1 Core . | . . . Reactor . | . . . Propulsion 4 | 3 . 1 Treads 3 | 2 . 1 Leg . | . . . Wheel 1 | 1 . . Hover . | . . . Flight . | . . . Utility 3 | 1 1 1 Device 1 | . . 1 Storage 2 | 1 1 . Processor . | . . . Hackware . | . . . Protection . | . . . Artifact . | . . . Weapon 5 | 1 1 3 Energy Gun 1 | . . 1 Energy Cannon 2 | . 1 1 Ballistic Gun 2 | 1 . 1 Ballistic Cannon . | . . . Launcher . | . . . Special Weapon . | . . . Impact Weapon . | . . . Slashing Weapon . | . . . Piercing Weapon . | . . . Special Melee Weapon . | . . . Unidentified Prototypes . | . . . Parts Lost 7 | . . 7 Power 2 | . . 2 Propulsion 3 | . . 3 Utility . | . . . Weapon 2 | . . 2 Highest Loss Streak 3 | . . 3 To Critical Strikes 2 | . . 2 Average Slot Usage (%) 78 | . 80 76 Engine 11 | . 14 10 Treads 24 | . 28 21 Device 3 | . . 5 Storage 14 | . 14 14 Energy Cannon 12 | . 10 14 Ballistic Gun 10 | . 13 9 Peak Build Rating 12 | 5 7 12 Average Rating 6 | 3 5 8 On Entrance 3 | . 5 5 Naked Turns . | . . . Heaviest Build 89 | 11 89 88 Greatest Support 40 | 40 40 40 Greatest Overweight (x) 28 | . 2 28 Average Overweight (x) 1 | . 1 3 Largest Inventory Capacity 25 | 8 25 25 Average Capacity 21 | 7 21 25 Most Carried 23 | 8 11 23 Average Carried 12 | 5 8 17 Final Capacity 25 | 8 25 25 Final Carried 23 | 6 11 23 Class Distribution -------------------- 100% | Mutant Dominant Class ---------------- Mutant | -10/Materials Mutant | -10/Mines Resources | -11 -10 -10 ----------- Run | Yrd Mat Min Matter Collected 344 | 260 . 84 Remotely . | . . . Salvage Created 319 | . . 319 Parts 24 | . . 24 Haulers Intercepted . | . . . Recyclers Shooed . | . . . Parts Field Recycled . | . . . Retrieved Matter . | . . . Parts Self-Destructed . | . . . Prevented . | . . . Kills | -11 -10 -10 ------- Run | Yrd Mat Min Combat Hostiles Destroyed 8 | . . 8 Guns 1 | . . 1 Cannons 6 | . . 6 Classes Destroyed 4 | . . 4 Worker 1 | . . 1 Recycler 1 | . . 1 Swarmer 3 | . . 3 Grunt 5 | . . 5 Best Kill Streak 3 | . . 3 Combat Bots Only 3 | . . 3 Max Kills in Single Turn 1 | . . 1 Gunslinging . | . . . Exploded . | . . . Melee . | . . . Uniques/NPCs Destroyed . | . . . Combat | -11 -10 -10 -------- Run | Yrd Mat Min Hostile Shots Fired 156 | . 37 119 Missed 43 | . 15 28 Damage Taken 1074 | . 183 891 Core 257 | . 34 223 Absorbed by Shields . | . . . Core Remaining (%) 100 | 100 . . Volleys Fired 43 | . . 43 Largest 2 | . . 2 Hottest 100 | . . 100 Shots Fired 65 | . . 65 Gun 22 | . . 22 Cannon 43 | . . 43 Launcher . | . . . Special . | . . . Kinetic 18 | . . 18 Thermal 43 | . . 43 Explosive . | . . . Electromagnetic 4 | . . 4 Robot Hit Streak 5 | . . 5 Robot Miss Streak 7 | . . 7 Penetration Max . | . . . Secondary Targets . | . . . Shots Hit Robots 34 | . . 34 Core Hits 13 | . . 13 Critical Kills . | . . . Critical Parts Destroyed . | . . . Critical Strikes . | . . . Melee Attacks . | . . . Impact . | . . . Slashing . | . . . Piercing . | . . . Sneak Attacks . | . . . Combat Hostiles . | . . . Follow-up Attacks . | . . . Damage Inflicted 548 | . . 548 Guns 93 | . . 93 Cannons 455 | . . 455 Explosions . | . . . Melee . | . . . Ramming . | . . . Kinetic 82 | . . 82 Thermal 455 | . . 455 Explosive . | . . . Electromagnetic 11 | . . 11 Impact . | . . . Slashing . | . . . Piercing . | . . . Highest Corruption 1 | . . 1 Average Corruption 1 | . . 1 Corruption Purged . | . . . Corruption Blocked . | . . . Effects 8 | . . 8 Message Errors 3 | . . 3 Matter Fused 1 | . . 1 Heat Flow Errors 1 | . . 1 Energy Discharges 1 | . . 1 Data Loss (minor) 1 | . . 1 Weapon Failures 1 | . . 1 Overload Shots . | . . . Overflow Damage 10 | . . 10 Projectiles 10 | . . 10 Explosions . | . . . Melee . | . . . Knockbacks . | . . . Impact . | . . . Kinetic . | . . . Secondary . | . . . Self-Inflicted Damage . | . . . Shots . | . . . Rammed . | . . . Targets Rammed . | . . . Kicked . | . . . Crushed . | . . . Highest Temperature 274 | . . 274 Average Temperature 108 | . . 108 Received Heat Transfer 201 | . . 201 Effects 1 | . . 1 Energy Bleed 1 | . . 1 Siege Activations . | . . . Robots Corrupted . | . . . Combat Hostiles . | . . . Parts Fried . | . . . Impact Corruptions . | . . . Robots Melted 1 | . . 1 Combat Hostiles 1 | . . 1 Parts Melted 3 | . . 3 Heat Transferred 962 | . . 962 Parts Sabotaged . | . . . Parts Stolen . | . . . Parts Stripped . | . . . Power Chain Reactions . | . . . Alert | -11 -10 -10 ------- Run | Yrd Mat Min Peak Influence 105 | . 15 105 Initial 5 | . . 5 Average 37 | . . 69 Maximum Alert Level . | . . . Low Security (%) 100 | 100 100 100 Level 1 . | . . . Level 2 . | . . . Level 3 . | . . . Level 4 . | . . . Level 5 . | . . . High Security . | . . . Max Security . | . . . Squads Dispatched . | . . . Investigation . | . . . Extermination . | . . . Reinforcement . | . . . Assault . | . . . Garrison . | . . . Intercept . | . . . Searches Triggered . | . . . Construction Impeded . | . . . Haulers Reinforced . | . . . Active Scanning Responses . | . . . Cargo Convoy Interrupts . | . . . Stealth | -11 -10 -10 --------- Run | Yrd Mat Min Distress Signals . | . . . Communications Jammed . | . . . Distress Signals . | . . . Times Spotted 15 | . 3 12 Peak Tracking Total 3 | . 2 3 Tactical Retreats 3 | . 1 2 Traps | -11 -10 -10 ------- Run | Yrd Mat Min Traps Triggered . | . . . Indirectly . | . . . Trap Hack Attempts . | . . . Triggered . | . . . Disarmed . | . . . Reprogrammed . | . . . Reused . | . . . Traps Extracted . | . . . Installed . | . . . Triggered 1 | . . 1 Machines | -11 -10 -10 ---------- Run | Yrd Mat Min Machines Disabled . | . . . Max in Single Turn . | . . . Machines Repaired . | . . . Machines Dismantled . | . . . Machines Sabotaged . | . . . Overloaded Fab Kills . | . . . Hacking | -11 -10 -10 --------- Run | Yrd Mat Min Machines Accessed . | . . . Terminals . | . . . Fabricators . | . . . Repair Stations . | . . . Recycling Units . | . . . Scanalyzers . | . . . Garrison Access . | . . . Total Hacks . | . . . Successful . | . . . Failed . | . . . Catastrophic . | . . . Database Lockouts . | . . . Manual . | . . . Terminals . | . . . Fabricators . | . . . Repair Stations . | . . . Recycling Units . | . . . Scanalyzers . | . . . Garrison Access . | . . . Terminal Hacks . | . . . Fabricator Hacks . | . . . Repair Station Hacks . | . . . Recycling Unit Hacks . | . . . Scanalyzer . | . . . Garrison Access Hacks . | . . . Unauthorized Hacks . | . . . Terminals . | . . . Fabricators . | . . . Repair Stations . | . . . Recycling Units . | . . . Scanalyzers . | . . . Garrison Access . | . . . Data Cores Recovered . | . . . Used . | . . . Hacking Detections . | . . . Full Trace Events . | . . . Feedback Events . | . . . Feedback Blocked . | . . . Robot Schematics Acquired . | . . . Robots Built . | . . . Authchips . | . . . Time . | . . . Total Robot Build Rating . | . . . Part Schematics Acquired . | . . . Parts Built . | . . . Authchips . | . . . Time . | . . . Total Part Build Rating . | . . . Parts Repaired . | . . . Time . | . . . Parts Recycled . | . . . Recycled Matter . | . . . Retrieved Matter . | . . . Retrieved Components . | . . . Parts Scanalyzed . | . . . Part Schematics Acquired . | . . . Parts Damaged . | . . . Bothacking | -11 -10 -10 ------------ Run | Yrd Mat Min Used RIF Installer . | . . . Robots Hacked . | . . . Non-combat . | . . . Combat . | . . . Robot Hacks Applied . | . . . Relay Couplers Released . | . . . Fabnet Peak Effective % . | . . . Robots Rewired . | . . . Allies Hacked . | . . . Hacks Repelled . | . . . Allies | -11 -10 -10 -------- Run | Yrd Mat Min Total Allies . | . . . Largest Group . | . . . Highest-Rated Group . | . . . Highest-Rated Ally . | . . . Total Orders . | . . . Ally Attacks . | . . . Total Damage . | . . . Kills . | . . . Allies Corrupted . | . . . Allies Melted . | . . . Intel | -11 -10 -10 ------- Run | Yrd Mat Min Robot Analysis Total . | . . . Derelict Logs Recovered 1 | . . 1 Drone Launches . | . . . Drone Recoveries . | . . . Exploration | -11 -10 -10 ------------- Run | Yrd Mat Min Turns Passed 1420 | 189 469 762 Spaces Moved 450 | 117 171 162 Core 21 | 11 . 10 Treads 426 | 103 171 152 Legs . | . . . Wheels 3 | 3 . . Hover . | . . . Flight . | . . . Fastest Speed 50 | 50 160 320 Average Speed 281 | 147 271 389 Slowest Speed 1450 | 160 320 1450 Overloaded Moves . | . . . Propulsion Burnouts . | . . . Robots Hopped . | . . . Cave-ins Triggered . | . . . Exploration Rate (%) 22 | 7 24 35 Regions Visited 2 Branch Regions 1 Pre-discovered Areas 1 | . . 1 Known Exits Taken . | . . . Unknown Exits Taken 2 | 1 1 . Scrap Searched . | . . . Spaces Dug . | . . . Terrain Destroyed . | . . . Melee . | . . . Projectile . | . . . AOE . | . . . Terrain Rammed . | . . . Walls Destroyed . | . . . Machines Disabled . | . . . Actions | -11 -10 -10 --------- Run | Yrd Mat Min Total 544 | 134 179 231 Wait 2 | . . 2 Move 448 | 116 170 162 Hop . | . . . Pick Up 32 | 11 3 18 Fast Attach 2 | . 2 . Attach 12 | 6 . 6 Detach 4 | 1 3 . Swap . | . . . Drop 1 | . 1 . Fire 43 | . . 43 Melee . | . . . Ram . | . . . Kick . | . . . Crush . | . . . Escape Stasis . | . . . Rewire . | . . . Trap . | . . . Miscellaneous . | . . . Route ------- -11/Scrapyard -10/Materials (discovered 2 exits: [*Mat] / [*Min]) -10/Mines History --------- Turn | Location | Event 21 | -11/Scrapyard | Discovered new exit (range 16) 190 | -11/Scrapyard | Entered Materials 300 | -10/Materials | Build established: Mutant 389 | -10/Materials | Discovered new exit (range 6) 543 | -10/Materials | Discovered new exit (range 10) 659 | -10/Materials | Entered Mines 714 | -10/Mines | Lost 3 parts (1p1n1w) 1021 | -10/Mines | Learned location of Zion (-7) 1047 | -10/Mines | Found a damaged Exp. Sensor Array with a note attached 1053 | -10/Mines | Found Prototype Device 1071 | -10/Mines | Core integrity fell below 50% 1298 | -10/Mines | Lost 3 parts (1p2n) 1411 | -10/Mines | Core integrity fell below 20% 1421 | -10/Mines | Destroyed by S-10 Pest with Light Assault Rifle Last Messages --------------- 01252_ G-47 Trooper destroyed. 01257_ K-01 Serf collects debris. 01258_ R-06 Scavenger collects Lgt. Nuclear Core. 01259_ Acquired Aluminum Leg. 01261_ Lgt. Treads destroyed. 01263_ R-06 Scavenger collects Aluminum Leg. 01267_ Lgt. Treads destroyed. 01268_ Sml. Laser melted. 01268_ Heat Sink melted. 01268_ G-34 Mercenary destroyed. 01271_ K-01 Serf destroyed. 01272_ Extracted 2 matter. 01275_ System corrupted: Component data lost. 01280_ R-06 Scavenger collects Med. Matter Pod. 01305_ YIMDQ1OCCAPQWPGZFWG 01315_ K-01 Serf collects debris. 01361_ Acquired Wheel. 01388_ L<5TXLFXK4W4/%DJS9DGY1F1DH 01415_ Lgt. Assault Rifle destroyed. Map ----- +----------------------------------------------------+ | ??????????????????????????????????????????????? | | ??????????????????????????????????????????????? | | ??????????????????????????????????????????????? | | #?????????????????????????????????????????????? | | #?????????????????????????????????????????????? | | ?????????? ???????????????????????????????????? | | ???????#?? ??????????????????????????????????? | | ???????? ? ??????????????????????????????????? | | ???????? ? ??????????????????????????????????? | | ????????? ? ??????????????????????????????????? | | ##??????? ? ???????###????????????????????????? | | ##??????# ?????? #????????????????????????? | | #??????# ?????# #???????????? ???????????? | | ##?????# ?????# #??????????? ?????????? | | ###???# ?????# #?????????? ??????????? | | ##??# ?????# #????????? ???????????? | | ###?? ###### #????????? #???????????? | | %##??# ## ####????? #????????????? | | % %#### #???? #?????????????? | | ### ## #????# #??????????????? | | ??## ## #???# #??????????????? | | ???# ####kr #### #??????????????? | | ???## ## ####?## s #??????????????? | | ????########????# #?????????????? | | ????????????????# s## ????????????? | | ????????????????## ##@#??? ?????????????? | | ?????????????????#### ## #???????????????????? | | ????????????????????# % #???????????????????? | | ??????????###???????# ####???????????????????? | | ??????????# ## ##?????????????????????? | | ??????????# #?????????????????????? | | ??????????# #?????????????????????? | | ??????????##### ##?????????????????????? | | ??????????? #??????????????????????? | | ???????? ??????????????????????? | | ?????????######## ??????????????????????? | | ????????????????##### ??????????????????????? | | ????????????????????### ??????????????????????? | | ???????????????????????#??????????????????????? | | ??????????????????????????????????????????????? | | ??????????????????????????????????????????????? | | ??????????????????????????????????????????????? | | ??????????????????????????????????????????????? | | ??????????????????????????????????????????????? | | ??????????????????????????????????????????????? | | ??????????????????????????????????????????????? | | ??????????????????????????????????????????????? | | ??????????????????????????????????????????????? | | ??????????????????????????????????????????????? | | ??????????????????????????????????????????????? | +----------------------------------------------------+ Best States ------------- Heat Dissipation 39 Energy Generation 10 Energy Capacity 250 Matter Stores 300 Matter Capacity 300 Sight Range 16 Terrain Scan Density 10 Evasion (%) 44 Recoil Reduction 2 Item Schematics ----------------- None Robot Schematics ------------------ None Fabricated ------------ Nothing Alien Tech Used ----------------- None Achievements -------------- None Challenges ------------ None Game ------ Seed ScatterDecoyUnit Manual? 0 Play Time 00:14:58 Cumulative 8.8 hours Start 2025.04.30 @ 13:32:44 End 2025.04.30 @ 13:51:45 Sessions 1 Manual Loads 0 Difficulty Rogue Special Mode None Game No. 16 Rogue 16 Adventurer 0 Explorer 0 Win Type - Total 0 Types 0/0/0/0/0/0/0/0/0 Lore% 4 Gallery% 12 Achievement% 12 Wizard Run 0 Options --------- Layout 1 ASCII 0 Keyboard 0 Movement Mouse Keybinds 0 Fullscreen 1 Font 24/Smallcaps Map View 50x35 Zoom Use 0% Tactical HUD 1 Map Filters NONE Filters NONE Steam 1 RUN: 8f90da14-398a-43c7-9657-96c252ac1b99